 Dungeon Crawl Stone Soup version 0.26-a0-1101-g8f9f7f7418 (webtiles) character file.

Game seed: 5229394349997280071

9238 rooneyua the Carver (level 11, -1/97 HPs)
             Began as a Minotaur Berserker on Dec 15, 2020.
             Was a High Priest of Trog.
             Slain by a six-headed hydra (8 damage)
             ... on level 11 of the Dungeon.
             The game lasted 01:01:25 (10027 turns).

rooneyua the Carver (Minotaur Berserker)           Turns: 10027, Time: 01:01:26

Health: -1/97      AC: 15    Str: 31    XL:     11   Next: 20%
Magic:  10/10      EV: 10    Int:  4    God:    Trog [*****.]
Gold:   753        SH: 17    Dex: 10    Spells: 10/10 levels left

rFire    . . .     SeeInvis .   z - +0 long sword
rCold    . . .     Faith    .   e - +0 kite shield
rNeg     + . .     Spirit   .   o - +1 plate armour {rN+}
rPois    .         Reflect  +   (helmet restricted)
rElec    .         Harm     .   (no cloak)
rCorr    .         Rampage  .   (no gloves)
Will     .....                  (no boots)
Stlth    ..........             y - amulet of reflection
HPRegen  0.26/turn              p - +6 ring of strength
MPRegen  0.12/turn              (no ring)

@: about to teleport, berserk cooldown, slowed, very slow
A: retaliatory headbutt, horns 2
a: Berserk, Trog's Hand, Brothers in Arms, Renounce Religion


You were on level 11 of the Dungeon.
You worshipped Trog.
Trog was extremely pleased with you.
You visited 1 branch of the dungeon, and saw 11 of its levels.

You collected 753 gold pieces.

Inventory:

Hand Weapons
 a - a +1 falchion
 z - a +0 long sword (weapon)
 L - the +2 executioner's axe of Traps {vorpal, rC- Str+5, unknown}
   (Trog gifted it to you on level 10 of the Dungeon)

   It inflicts extra damage upon your enemies.
   It affects your strength (+5).
   It makes you vulnerable to cold.
Armour
 e - a +0 kite shield (worn)
 o - a +1 plate armour of positive energy (worn)
Jewellery
 p - a +6 ring of strength (left hand)
 y - an amulet of reflection (around neck)
Wands
 b - a wand of polymorph (8)
 d - a wand of random effects (25)
 n - a wand of flame (11)
 F - a wand of disintegration (21)
 H - a wand of paralysis (4)
 O - a wand of iceblast (6)
Scrolls
 f - 6 scrolls of teleportation
 g - 8 scrolls of identify
 k - 5 scrolls of enchant weapon
 l - 14 scrolls of remove curse
 u - 6 scrolls of amnesia
 v - a scroll of magic mapping {unknown}
 w - a scroll of random uselessness
 x - a scroll of enchant armour {unknown}
 A - a scroll of fear {unknown}
 C - 2 scrolls of fog {unknown}
 D - a scroll of torment {unknown}
 G - a scroll of blinking {unknown}
 I - 2 scrolls of brand weapon {unknown}
 M - a scroll of noise {unknown}
 N - a scroll of immolation {unknown}
Potions
 c - 3 potions of mutation {unknown}
 h - 6 potions of curing {unknown}
 i - 4 potions of brilliance {unknown}
 j - 2 potions of heal wounds {unknown}
 m - 3 potions of degeneration {unknown}
 q - a potion of haste
 r - 5 potions of flight {unknown}
 s - a potion of ambrosia {unknown}
 t - 2 potions of lignification {unknown}
 B - a potion of attraction {unknown}
 E - a potion of resistance {unknown}
 J - a potion of might {unknown}
Miscellaneous
 K - a condenser vane


   Skills:
 + Level 9.4 Fighting
 * Level 12.6 Long Blades
 + Level 9.1 Armour
 + Level 8.3 Dodging
 + Level 7.6 Shields


You had 10 spell levels left.
You didn't know any spells.
Your spell library contained the following spells:

 Spells                   Type           Power        Failure   Level
 Animate Skeleton         Necr           #.....       100%        1
 Beastly Appendage        Tmut           #.....       100%        1
 Corona                   Hex            #......      100%        1
 Magic Dart               Conj           #...         100%        1
 Pain                     Necr           #...         100%        1
 Ensorcelled Hibernation  Hex/Ice        #.....       100%        2
 Searing Ray              Conj           #.....       100%        2
 Wereblood                Tmut           #.......     100%        2
 Confusing Touch          Hex            #.......     100%        3
 Dazzling Flash           Conj/Hex       #.....       100%        3
 Gell's Gravitas          Tloc           #.........   100%        3
 Spider Form              Tmut/Pois      #.........   100%        3
 Tukima's Dance           Hex            #.......     100%        3
 Vampiric Draining        Necr           #.........   100%        3
 Animate Dead             Necr           #.........   100%        4
 Fulminant Prism          Conj/Hex       #.........   100%        4
 Ice Form                 Ice/Tmut       #.......     100%        4
 Iskenderun's Mystic Bla  Conj/Tloc      #.......     100%        4
 Petrify                  Tmut/Erth      #.......     100%        4
 Agony                    Necr           #.......     100%        5
 Blade Hands              Tmut           #.........   100%        5
 Metabolic Englaciation   Hex/Ice        #.........   100%        5
 Yara's Violent Unravell  Hex/Tmut       #.........   100%        5


Dungeon Overview and Level Annotations

Branches:
Dungeon (11/15)            Temple (0/1) D:5            Lair (0/6) D:11
    Orc (0/2) D:10

Altars:
Ashenzari
Dithmenos
Elyvilon
Fedhas
Gozag
Hepliaklqana
Makhleb
Nemelex Xobeh
Okawaru
Qazlal
Uskayaw
Xom
Zin
Beogh

Shops:
D:10 [


Innate Abilities, Weirdness & Mutations

You reflexively headbutt those who attack you in melee.
You have a pair of horns on your head.


Message History

The six-headed hydra bites you!
* * * LOW HITPOINT WARNING * * *
The six-headed hydra bites you!
* * * LOW HITPOINT WARNING * * *
You block the six-headed hydra's attack.
The six-headed hydra completely misses you.
The six-headed hydra bites you.
* * * LOW HITPOINT WARNING * * *
As you read the scroll of teleportation, it crumbles to dust.
You feel strangely unstable.
The six-headed hydra bites you but does no damage.
You block the six-headed hydra's attack. x2
The six-headed hydra barely misses you.
You block the six-headed hydra's attack.
The six-headed hydra closely misses you.
Unknown command.
Unknown command.
The six-headed hydra bites you but does no damage. x2
The six-headed hydra bites you!
You die...

#### .># #.#
.....s... #@#
......... #D#
........# #s#
........# #.#
........#####+#'###
c.((c...##(.D.....#
.(......##.)......#
....(..(((.)......#
..((...((.........#


You could see a six-headed hydra and a scorpion.

Vanquished Creatures
  2 two-headed ogres
  A troll (D:10)
  A hornet (D:7)
  Sigmund (D:3)
  A shadow (D:11)
  A human (D:10)
  2 yaks
  3 hogs (D:10)
  2 wargs (D:10)
  A soldier ant (D:11)
  6 orc warriors
  2 sky beasts (D:9)
  5 ice beasts
  4 black bears
  8 centaurs
  2 ogres
  2 phantoms
  2 big kobolds
  6 bullfrogs
  3 wyvern skeletons
  5 scorpions
  2 water moccasin skeletons
  12 killer bees (D:9)
  2 howler monkeys
  3 wights (D:7)
  A centaur zombie (D:9)
  2 bullfrog zombies
  5 hounds
  2 centaur skeletons
  8 jellies
  4 orc priests
  An iguana (D:4)
  16 orc wizards
  Ijyb (D:3)
  7 worker ants
  A killer bee zombie (D:10)
  A hound zombie (D:6)
  Robin (D:3)
  12 gnolls
  A howler monkey skeleton (D:8)
  12 adders
  2 river rats (D:3)
  2 shadow imps
  4 white imps
  An ufetubus (D:9)
  2 oozes
  2 worms
  2 dart slugs
  8 leopard geckos
  57 orcs
  12 bats
  5 giant cockroaches
  17 goblins
  10 hobgoblins
  4 jackals (D:3)
  4 quokkas
  A ball python (D:1)
  6 frilled lizards
  13 kobolds
  A leopard gecko skeleton (D:5)
  2 quokka skeletons
  6 rats
315 creatures vanquished.

Vanquished Creatures (others)
  7 fungi (D:11)
  3 plants (D:11)
10 creatures vanquished.

Grand Total: 325 creatures vanquished

Notes
Turn   | Place    | Note
-------+----------+-------------------------------------------
     0 | D:1      | rooneyua the Minotaur Berserker began the quest for the
                  | Orb.
     0 | D:1      | Reached XP level 1. HP: 19/19 MP: 0/0
   190 | D:1      | Reached skill level 4 in Long Blades
   190 | D:1      | Reached XP level 2. HP: 22/27 MP: 1/1
   441 | D:1      | Reached XP level 3. HP: 24/33 MP: 2/2
   622 | D:1      | Reached ** piety under Trog
  1189 | D:3      | Reached XP level 4. HP: 33/40 MP: 3/3
  1349 | D:3      | Found a shadowy altar of Dithmenos.
  1356 | D:3      | Noticed Ijyb
  1386 | D:3      | Killed Ijyb
  1387 | D:3      | Reached skill level 5 in Long Blades
  1502 | D:3      | Reached XP level 5. HP: 32/47 MP: 4/4
  1763 | D:3      | Noticed Robin
  1777 | D:3      | Killed Robin
  1946 | D:3      | Found a roughly hewn altar of Beogh.
  1955 | D:3      | Reached *** piety under Trog
  1969 | D:3      | Reached skill level 6 in Long Blades
  1969 | D:3      | Reached XP level 6. HP: 49/55 MP: 5/5
  2030 | D:3      | Found a blossoming altar of Fedhas.
  2034 | D:3      | Found a hazy altar of Hepliaklqana.
  2035 | D:3      | Found a broken altar of Ashenzari.
  2131 | D:3      | Noticed Sigmund
  2149 | D:3      | Killed Sigmund
  2150 | D:3      | Reached skill level 5 in Fighting
  2580 | D:4      | Found a sparkling altar of Nemelex Xobeh.
  2711 | D:4      | Reached XP level 7. HP: 61/61 MP: 6/6
  2892 | D:4      | Reached skill level 7 in Long Blades
  2892 | D:4      | Reached skill level 1 in Shields
  3351 | D:4      | Reached skill level 5 in Armour
  3445 | D:5      | Entered Level 5 of the Dungeon
  3513 | D:5      | Reached **** piety under Trog
  3688 | D:5      | Found an iron altar of Okawaru.
  3735 | D:5      | Found a staircase to the Ecumenical Temple.
  3844 | D:5      | Noticed a two-headed ogre
  3849 | D:5      | Killed a two-headed ogre
  3850 | D:5      | Reached skill level 8 in Long Blades
  3850 | D:5      | Reached skill level 5 in Dodging
  3850 | D:5      | Reached XP level 8. HP: 38/71 MP: 7/7
  4024 | D:5      | Found a burning altar of Makhleb.
  4205 | D:5      | Found a glowing silver altar of Zin.
  4205 | D:5      | Found an opulent altar of Gozag.
  4446 | D:6      | Reached skill level 9 in Long Blades
  4703 | D:6      | Reached XP level 9. HP: 78/78 MP: 8/8
  5437 | D:7      | Paralysed by a hornet for 1 turns
  5640 | D:7      | Reached skill level 10 in Long Blades
  5640 | D:7      | Reached skill level 5 in Shields
  6201 | D:8      | Found a hazy altar of Hepliaklqana.
  6270 | D:8      | Reached ***** piety under Trog
  6407 | D:8      | Found a hide-covered altar of Uskayaw.
  6407 | D:8      | Found a white marble altar of Elyvilon.
  6940 | D:9      | Reached XP level 10. HP: 61/88 MP: 9/9
  7029 | D:9      | Reached skill level 11 in Long Blades
  7312 | D:9      | Found a stormy altar of Qazlal.
  7409 | D:9      | Found a flagged portal.
  8269 | D:9      | Found a shimmering altar of Xom.
  8421 | D:10     | Entered Level 10 of the Dungeon
  8434 | D:10     | Received a gift from Trog
  8439 | D:10     | Got a faintly glowing executioner's axe {god gift}
  8545 | D:10     | Noticed a two-headed ogre
  8553 | D:10     | Killed a two-headed ogre
  8673 | D:10     | Reached skill level 12 in Long Blades
  8962 | D:10     | Reached XP level 11. HP: 92/97 MP: 10/10
  8979 | D:10     | Found a staircase to the Orcish Mines.
  9485 | D:10     | Found Racvibbo's Armour Boutique.
  9763 | D:11     | Found a staircase to the Lair.
  9988 | D:11     | Noticed a six-headed hydra
 10027 | D:11     | Slain by a six-headed hydra

Illustrated notes

Levels and vault maps discovered:
D:1:      lightli_arrival_flooded_house, layout_basic, minmay_heptomino_l4
D:2:      layout_rooms, serial_park_tiny_2
D:3:      layout_basic, lemuel_doored_altar, minitemple,
          gup_sewer_entry_bubbles, kennysheep_orc_chapel, uniq_sigmund,
          uniq_robin, uniq_ijyb
D:4:      layout_basic, nemelex_xobeh_ov_fountains_minmay
D:5:      layout_loops_ring, grunt_temple_overflow_gold_and_silver,
          okawaru_trees_1, minmay_temple_entry_drinking_statues,
          grunt_ministairs_11, lemuel_altar_in_water
D:6:      layout_loops_ring
D:7:      layout_basic, kb_rosetta
D:8:      layout_loops_ring, gammafunk_temple_overflow_wave, basic_altar
D:9:      layout_cave_pods, kennysheep_mini, enter_bailey_5,
          nicolae_qazlal_eye_of_the_storm
D:10:     layout_roguey, david_orc_3, serial_shops, nicolae_shop_behind_doors,
          minivault_20, grunt_livestock
D:11:     minmay_tearing_corner, layout_basic, grunt_lair_entry_orc_guard_hut,
          uniq_erolcha

Skill      XL: |  1  2  3  4  5  6  7  8  9 10 11 |
---------------+----------------------------------+-----
Long Blades    | 4 5 6 8 9 10 12 | 12.6
Fighting       | 4 5 6 8 9 |  9.4
Armour         | 3 4 5 6 7 8 9 |  9.1
Dodging        | 3 4 5 7 8 |  8.3
Shields        | 3 4 5 7 |  7.6

Action                   |  1- 3 |  4- 6 |  7- 9 | 10-12 || total
-------------------------+-------+-------+-------+-------++-------
Melee: Falchion          |    73 |   152 |   157 |       ||   382
       Headbutt          |    14 |    27 |    70 |    88 ||   199
       Long sword        |       |       |   177 |   319 ||   496
Invok: Berserk           |       |     1 |     2 |     2 ||     5
  Use: Scroll            |     2 |       |     5 |     1 ||     8
Armor: Plate armour      |    39 |    99 |   106 |    93 ||   337
Dodge: Dodged            |    24 |    52 |    89 |    81 ||   246
Block: Kite shield       |       |     8 |   191 |   262 ||   461
       Reflection        |       |       |    12 |    27 ||    39
       Rpst.: Falchion   |     3 |    17 |     8 |       ||    28
       Long sword        |       |       |    15 |    28 ||    43

Table legend: (Time is in decaauts)
 A = Elapsed time spent in this place.
 B = Non-inter-level travel time spent in this place.
 C = Inter-level travel time spent in this place.
 D = Time resting spent in this place.
 E = Time spent auto-exploring this place.
 F = Levels seen in this place.
 G = Mean time per level.
                   A        B        C        D        E       F      G
               +--------+--------+--------+--------+--------+-----+--------+
         Total |  10049 |   9902 |    147 |   1680 |   5865 |  11 |  913.5 |
       Dungeon |  10049 |   9902 |    147 |   1680 |   5865 |  11 |  913.5 |
               +--------+--------+--------+--------+--------+-----+--------+

Top non-repeatable levels by time:
     D:9: 1565 daAuts
     D:3: 1401 daAuts
    D:10: 1142 daAuts
     D:5: 944 daAuts
     D:4: 908 daAuts
     D:6: 896 daAuts
     D:7: 823 daAuts
     D:8: 732 daAuts
     D:1: 727 daAuts
     D:2: 464 daAuts
    D:11: 442 daAuts
